General information
- name: BNet
- type: Ladder team game (AT/RT)
- host: Battle.net
- saver: BASTARD-SAVIOR
map: GolemsInTheMist
- players: 8
- length: 70:48
- speed: Fast
- version: 1.26 W3XP
- replay type: Public
» download(266 KB)
Players
team 1 (loser)
LionHeartM (
red | 42 APM | 1618 actions | 38:58)
9 Blademaster
3 Critical Strike
3 Wind Walk
1 Bladestorm
2 Mirror Image
1 Tauren Chieftain
1 Endurance Aura
» actions
| Assign group hotkey | 3 | |
| Basic commands | 13 | |
| Build / train | 111 | |
| Enter build submenu | 23 | |
| Enter hero's abilities submenu | 10 | |
| Give item / drop item | 5 | |
| Right click | 928 | |
| Select / deselect | 438 | |
| Select group hotkey | 6 | |
| Use ability | 81 | |
1618 total
» units
| Peon | 13 | |
| Grunt | 5 | |
| Wind Rider | 12 | |
| Goblin Shredder | 2 | |
| Troll Batrider | 20 | |
52 total
» upgrades
| Spiked Barricades | 3 | |
| Armor | 2 | |
| Ranged Weapons | 2 | |
| Melee Weapons | 2 | |
| Pillage | 1 | |
| Berserker Strength | 1 | |
| Envenomed Spears | 1 | |
| Liquid Fire | 2 | |
| Reinforced Defenses | 1 | |
15 total
» buildings
| Orc Burrow | 7 | |
| Altar of Storms | 1 | |
| Barracks | 1 | |
| Voodoo Lounge | 1 | |
| Stronghold | 3 | |
| War Mill | 1 | |
| Great Hall | 1 | |
| Watch Tower | 8 | |
| Beastiary | 2 | |
| Fortress | 5 | |
30 total
» build order
00:59 Orc Burrow
01:11 Altar of Storms
01:28 Barracks
02:21 Orc Burrow
02:42 Voodoo Lounge
03:22 Stronghold
03:22 Stronghold
03:23 Stronghold
03:31 Orc Burrow
03:35 War Mill
06:05 Great Hall
06:52 Watch Tower
06:55 Watch Tower
07:01 Beastiary
07:13 Watch Tower
07:21 Beastiary
07:46 Watch Tower
08:48 Orc Burrow
10:11 Orc Burrow
12:06 Orc Burrow
13:22 Fortress
13:23 Fortress
13:23 Fortress
13:23 Fortress
14:24 Watch Tower
14:45 Watch Tower
15:40 Orc Burrow
21:24 Watch Tower
21:28 Watch Tower
» items
| Healing Salve | 1 | |
| Scroll of Speed | 3 | |
| Potion of Healing | 1 | |
| Orb of Lightning | 2 | |
7 total

»
AnalWithAllah (
orange | 44 APM | 1592 actions | 36:30)
7 Priestess of the Moon
3 Trueshot Aura
3 Searing Arrows
1 Starfall
» actions
| Assign group hotkey | 49 | |
| Build / train | 96 | |
| ESC pressed | 5 | |
| Enter build submenu | 28 | |
| Enter hero's abilities submenu | 8 | |
| Give item / drop item | 1 | |
| Right click | 407 | |
| Select / deselect | 484 | |
| Select group hotkey | 466 | |
| Use ability | 48 | |
1592 total
» units
| Wisp | 25 | |
| Archer | 10 | |
| Hippogryph | 18 | |
| Chimaera | 17 | |
| Goblin Zeppelin | 1 | |
71 total
» upgrades
| Ultravision | 1 | |
| Strength of the Wild | 3 | |
| Reinforced Hides | 3 | |
| Hippogryph Taming | 1 | |
| Corrosive Breath | 1 | |
| Nature's Blessing | 1 | |
| Well Spring | 1 | |
11 total
» buildings
| Altar of Elders | 1 | |
| Moon Well | 9 | |
| Ancient of War | 1 | |
| Ancient of Wonders | 1 | |
| Hunter's Hall | 1 | |
| Ancient Protector | 2 | |
| Tree of Ages | 1 | |
| Ancient of Wind | 1 | |
| Tree of Eternity | 1 | |
| Chimaera Roost | 2 | |
| Tree of Life | 2 | |
22 total
» build order
00:10 Altar of Elders
00:15 Moon Well
00:38 Ancient of War
02:00 Moon Well
02:24 Ancient of Wonders
02:57 Hunter's Hall
04:08 Ancient Protector
04:56 Tree of Ages
05:13 Moon Well
06:06 Moon Well
06:10 Ancient Protector
07:30 Ancient of Wind
07:59 Tree of Eternity
10:26 Chimaera Roost
10:50 Chimaera Roost
11:18 Moon Well
12:48 Moon Well
14:00 Moon Well
17:37 Tree of Life
18:04 Moon Well
18:42 Moon Well
22:11 Tree of Life
» items
| Dust of Appearance | 1 | |
| Healing Salve | 1 | |
| Orb of Venom | 1 | |
| Scroll of Town Portal | 1 | |
4 total

»
boulbal (
pink | 11 APM | 784 actions | 70:47)
7 Shadow Hunter
1 Serpent Ward
2 Healing Wave
3 Hex
1 Big Bad Voodoo
» actions
| Basic commands | 6 | |
| Build / train | 61 | |
| Enter build submenu | 28 | |
| Enter hero's abilities submenu | 7 | |
| Right click | 391 | |
| Select / deselect | 218 | |
| Use ability | 73 | |
784 total
» units
| Peon | 9 | |
| Grunt | 8 | |
| Goblin Shredder | 1 | |
| Demolisher | 1 | |
| Raider | 18 | |
37 total
» upgrades
| Armor | 2 | |
| Ensnare | 1 | |
| Berserker Strength | 1 | |
| Melee Weapons | 2 | |
| Pillage | 1 | |
| Shaman Training | 1 | |
8 total
» buildings
| Orc Burrow | 7 | |
| Altar of Storms | 1 | |
| Barracks | 1 | |
| War Mill | 2 | |
| Voodoo Lounge | 1 | |
| Stronghold | 1 | |
| Watch Tower | 7 | |
| Beastiary | 1 | |
| Fortress | 1 | |
| Great Hall | 3 | |
| Spirit Lodge | 1 | |
26 total
» build order
00:15 Orc Burrow
00:21 Altar of Storms
00:26 Barracks
01:42 Orc Burrow
02:44 Orc Burrow
02:52 War Mill
03:47 Voodoo Lounge
05:07 Stronghold
05:45 Watch Tower
06:12 Watch Tower
06:17 Watch Tower
08:07 Watch Tower
08:17 Watch Tower
09:04 Beastiary
10:16 Fortress
10:51 War Mill
12:30 Great Hall
12:46 Orc Burrow
13:23 Orc Burrow
14:35 Watch Tower
14:46 Watch Tower
15:12 Spirit Lodge
15:24 Orc Burrow
16:09 Orc Burrow
20:59 Great Hall
33:15 Great Hall
» items
| Potion of Healing | 1 | |
| Scroll of Town Portal | 2 | |
| Potion of Mana | 2 | |
| Lesser Clarity Potion | 1 | |
6 total
angrygorilla (
yellow | 19 APM | 700 actions | 36:32)
6 Tauren Chieftain
3 War Stomp
2 Endurance Aura
1 Reincarnation
» actions
| Basic commands | 10 | |
| Build / train | 49 | |
| Enter build submenu | 22 | |
| Enter hero's abilities submenu | 5 | |
| Give item / drop item | 1 | |
| Remove unit from queue | 1 | |
| Right click | 280 | |
| Select / deselect | 294 | |
| Use ability | 37 | |
700 total
» units
| Peon | 10 | |
| Grunt | 7 | |
| Spirit Walker | 4 | |
| Tauren | 13 | |
34 total
» upgrades
| Spirit Walker Training | 2 | |
| Pulverize | 1 | |
| Melee Weapons | 2 | |
| Armor | 1 | |
6 total
» buildings
| Altar of Storms | 1 | |
| Orc Burrow | 8 | |
| Barracks | 1 | |
| Voodoo Lounge | 1 | |
| Stronghold | 1 | |
| War Mill | 1 | |
| Fortress | 1 | |
| Spirit Lodge | 1 | |
| Watch Tower | 2 | |
| Tauren Totem | 2 | |
| Great Hall | 1 | |
20 total
» build order
00:07 Altar of Storms
00:09 Orc Burrow
01:08 Barracks
01:28 Orc Burrow
02:48 Voodoo Lounge
05:53 Stronghold
05:57 War Mill
06:19 Orc Burrow
08:15 Fortress
08:19 Spirit Lodge
08:52 Watch Tower
09:38 Orc Burrow
10:43 Tauren Totem
10:48 Tauren Totem
14:28 Orc Burrow
15:19 Orc Burrow
16:12 Orc Burrow
18:36 Orc Burrow
23:07 Great Hall
23:49 Watch Tower
team 2 (winner)
BASTARD-SAVIOR (
purple | 46 APM | 3260 actions | 70:48)
10 Blood Mage
3 Flame Strike
3 Banish
1 Summon Phoenix
3 Siphon Mana
» actions
| Assign group hotkey | 82 | |
| Basic commands | 125 | |
| Build / train | 129 | |
| Enter build submenu | 27 | |
| Enter hero's abilities submenu | 10 | |
| Give item / drop item | 5 | |
| Remove unit from queue | 1 | |
| Right click | 1066 | |
| Select / deselect | 468 | |
| Select group hotkey | 1098 | |
| Use ability | 249 | |
3260 total
» units
| Peasant | 11 | |
| Footman | 5 | |
| Goblin Shredder | 2 | |
| Gryphon Rider | 7 | |
| Sorceress | 1 | |
| Goblin Sapper | 20 | |
| Goblin Zeppelin | 1 | |
| Dragonhawk Rider | 3 | |
| Knight | 4 | |
54 total
» upgrades
| Masonry | 3 | |
| Lumber Harvesting | 1 | |
| Swords | 3 | |
| Armor | 3 | |
| Animal War Training | 1 | |
| Storm Hammers | 1 | |
| Magic Sentry | 1 | |
| Sorceress Training | 2 | |
| Cloud | 1 | |
| Priest Training | 2 | |
| Plating | 3 | |
21 total
» buildings
| Altar of Kings | 1 | |
| Barracks | 2 | |
| Farm | 10 | |
| Scout Tower | 33 | |
| Arcane Vault | 1 | |
| Arcane Tower | 1 | |
| Lumber Mill | 1 | |
| Town Hall | 4 | |
| Keep | 1 | |
| Guard Tower | 14 | |
| Blacksmith | 1 | |
| Castle | 3 | |
| Gryphon Aviary | 5 | |
| Arcane Sanctum | 1 | |
78 total
» build order
00:22 Altar of Kings
00:36 Barracks
00:55 Farm
01:12 Farm
01:44 Scout Tower
01:47 Farm
01:58 Arcane Vault
02:19 Arcane Tower
02:59 Farm
03:53 Lumber Mill
04:04 Town Hall
06:34 Scout Tower
06:34 Scout Tower
06:35 Scout Tower
06:35 Scout Tower
06:39 Keep
06:44 Farm
06:45 Farm
06:45 Farm
06:45 Farm
06:45 Farm
06:58 Farm
07:40 Guard Tower
07:40 Guard Tower
07:46 Scout Tower
07:47 Scout Tower
07:47 Scout Tower
07:47 Scout Tower
07:48 Scout Tower
07:48 Scout Tower
07:49 Scout Tower
07:49 Scout Tower
08:13 Blacksmith
09:01 Castle
09:01 Castle
09:13 Guard Tower
09:52 Guard Tower
09:56 Gryphon Aviary
10:29 Gryphon Aviary
10:55 Gryphon Aviary
12:26 Guard Tower
12:30 Arcane Sanctum
12:43 Gryphon Aviary
12:44 Gryphon Aviary
13:21 Scout Tower
13:21 Scout Tower
13:23 Scout Tower
13:23 Scout Tower
13:24 Scout Tower
13:25 Scout Tower
13:25 Scout Tower
14:28 Guard Tower
14:28 Guard Tower
14:54 Guard Tower
17:09 Guard Tower
18:58 Scout Tower
18:59 Scout Tower
19:00 Scout Tower
19:01 Scout Tower
19:01 Scout Tower
19:01 Scout Tower
19:35 Guard Tower
21:08 Guard Tower
23:12 Scout Tower
23:12 Scout Tower
23:13 Scout Tower
23:14 Scout Tower
23:15 Scout Tower
23:17 Scout Tower
23:22 Scout Tower
24:02 Guard Tower
24:03 Guard Tower
26:06 Guard Tower
31:50 Town Hall
38:56 Barracks
39:21 Town Hall
60:22 Town Hall
» items
| Scroll of Regeneration | 4 | |
| Orb of Fire | 1 | |
| Staff of Sanctuary | 1 | |
| Scroll of Town Portal | 6 | |
| Ivory Tower | 3 | |
| Scroll of Healing | 1 | |
| Lesser Clarity Potion | 1 | |
| Potion of Mana | 3 | |
| Potion of Healing | 1 | |
21 total

»
lBIameTheJews (
blue | 42 APM | 1829 actions | 43:55)
9 Priestess of the Moon
3 Trueshot Aura
3 Scout
1 Starfall
2 Searing Arrows
» actions
| Assign group hotkey | 12 | |
| Basic commands | 21 | |
| Build / train | 91 | |
| Enter build submenu | 17 | |
| Enter hero's abilities submenu | 10 | |
| Give item / drop item | 2 | |
| Remove unit from queue | 1 | |
| Right click | 1151 | |
| Select / deselect | 343 | |
| Select group hotkey | 84 | |
| Use ability | 97 | |
1829 total
» units
| Wisp | 28 | |
| Huntress | 11 | |
| Archer | 2 | |
| Goblin Zeppelin | 1 | |
| Goblin Shredder | 1 | |
| Dryad | 13 | |
56 total
» upgrades
| Strength of the Moon | 2 | |
| Moon Armor | 2 | |
| Improved Bows | 1 | |
| Sentinel | 1 | |
| Nature's Blessing | 1 | |
| Strength of the Wild | 3 | |
| Reinforced Hides | 2 | |
12 total
» buildings
| Altar of Elders | 1 | |
| Moon Well | 6 | |
| Hunter's Hall | 1 | |
| Ancient of War | 2 | |
| Ancient of Wonders | 2 | |
| Tree of Ages | 2 | |
| Ancient Protector | 1 | |
| Ancient of Lore | 2 | |
| Tree of Eternity | 2 | |
| Tree of Life | 3 | |
22 total
» build order
00:08 Altar of Elders
00:13 Moon Well
01:43 Hunter's Hall
01:47 Ancient of War
01:50 Ancient of War
02:00 Moon Well
03:15 Moon Well
03:43 Ancient of Wonders
05:56 Moon Well
08:17 Tree of Ages
10:27 Ancient Protector
10:29 Moon Well
11:48 Ancient of Lore
11:49 Ancient of Lore
11:50 Moon Well
15:24 Tree of Eternity
16:34 Tree of Life
23:09 Tree of Ages
28:23 Tree of Eternity
30:26 Ancient of Wonders
31:06 Tree of Life
36:28 Tree of Life
» items
| Scroll of Town Portal | 2 | |
| Orb of Corruption | 1 | |
| Anti-magic Potion | 1 | |
| Potion of Healing | 2 | |
| Staff of Sanctuary | 1 | |
7 total

»
cronicblaze (
green | 21 APM | 1192 actions | 55:32)
9 Death Knight
3 Death Coil
3 Unholy Aura
1 Animate Dead
2 Death Pact
» actions
| Assign group hotkey | 18 | |
| Basic commands | 7 | |
| Build / train | 67 | |
| Enter build submenu | 27 | |
| Enter hero's abilities submenu | 9 | |
| Give item / drop item | 4 | |
| Remove unit from queue | 5 | |
| Right click | 564 | |
| Select / deselect | 244 | |
| Select group hotkey | 176 | |
| Use ability | 71 | |
1192 total
» units
| Acolyte | 17 | |
| Ghoul | 2 | |
| Crypt Fiend | 10 | |
| Frost Wyrm | 2 | |
| Goblin Shredder | 1 | |
32 total
» upgrades
| Creature Attack | 3 | |
| Creature Carapace | 3 | |
| Burrow | 1 | |
| Web | 1 | |
| Freezing Breath | 1 | |
9 total
» buildings
| Crypt | 2 | |
| Altar of Darkness | 1 | |
| Ziggurat | 9 | |
| Graveyard | 2 | |
| Tomb of Relics | 1 | |
| Halls of the Dead | 1 | |
| Sacrificial Pit | 1 | |
| Black Citadel | 1 | |
| Boneyard | 3 | |
| Spirit Tower | 1 | |
| Necropolis | 2 | |
24 total
» build order
00:59 Crypt
01:02 Crypt
01:06 Altar of Darkness
01:10 Ziggurat
01:30 Ziggurat
01:40 Graveyard
02:16 Ziggurat
05:05 Tomb of Relics
05:37 Ziggurat
06:41 Halls of the Dead
09:46 Sacrificial Pit
09:54 Ziggurat
10:43 Black Citadel
11:29 Ziggurat
11:33 Ziggurat
11:36 Ziggurat
13:15 Boneyard
13:18 Boneyard
13:21 Boneyard
13:27 Ziggurat
19:00 Spirit Tower
35:39 Necropolis
36:11 Necropolis
39:44 Graveyard
» items
| Potion of Healing | 3 | |
| Rod of Necromancy | 2 | |
| Orb of Corruption | 1 | |
| Scroll of Healing | 2 | |
| Scroll of Town Portal | 1 | |
9 total
turtle_face (
teal | 21 APM | 800 actions | 38:23)
3 Tauren Chieftain
2 War Stomp
1 Shockwave
» actions
| Basic commands | 4 | |
| Build / train | 61 | |
| Enter build submenu | 23 | |
| Enter hero's abilities submenu | 3 | |
| Remove unit from queue | 2 | |
| Right click | 327 | |
| Select / deselect | 348 | |
| Use ability | 32 | |
800 total
» units
| Peon | 7 | |
| Grunt | 5 | |
| Troll Headhunter/Berserker | 2 | |
| Goblin Zeppelin | 1 | |
| Goblin Shredder | 1 | |
| Tauren | 30 | |
46 total
» upgrades
| Melee Weapons | 3 | |
| Berserker Strength | 1 | |
| Pulverize | 1 | |
| Armor | 2 | |
7 total
» buildings
| Orc Burrow | 10 | |
| Altar of Storms | 2 | |
| War Mill | 1 | |
| Stronghold | 1 | |
| Barracks | 1 | |
| Fortress | 1 | |
| Tauren Totem | 2 | |
| Great Hall | 2 | |
20 total
» build order
00:20 Orc Burrow
00:46 Altar of Storms
01:50 Orc Burrow
02:38 War Mill
02:48 Orc Burrow
03:01 Stronghold
03:46 Barracks
05:14 Orc Burrow
05:36 Fortress
08:19 Tauren Totem
11:15 Great Hall
11:36 Orc Burrow
11:37 Orc Burrow
12:11 Orc Burrow
12:45 Orc Burrow
13:17 Orc Burrow
13:56 Tauren Totem
14:02 Orc Burrow
22:43 Great Hall
29:50 Altar of Storms
Chat log
(00:19 / All) lBIameTheJews: taht guy was suck a tool
(00:26 / All) lBIameTheJews: t3 and hadnt creepe dhis green
(00:31 / All) AnalWithAllah: yeah, he was huge noob
(00:37 / All) lBIameTheJews: well
(00:45 / All) lBIameTheJews: time to kill each other i guess
(00:50 / All) AnalWithAllah: too bad we're on on same team this time
(00:58 / All) lBIameTheJews: yea
(01:00 / All) lBIameTheJews: sorta
(01:09 / All) BASTARD-SAVIOR: please explain in detail, ur guys 40% battles
(01:10 / All) AnalWithAllah: wouldn't be fair to these jews
(01:26 / All) lBIameTheJews: i jsut created this acct anld his name was like mine
(01:30 / All) lBIameTheJews: total coincidence
(01:33 / All) lBIameTheJews: and we had this total noob
(01:35 / All) lBIameTheJews: and lost
(02:34 / Allies) lBIameTheJews: so where are you getting 40%?
(02:37 / Allies) lBIameTheJews: yoru ass?
(05:15 / Allies) lBIameTheJews: go or dotn share xp purp
(05:42 / Allies) lBIameTheJews: take claws
(09:06 / Allies) lBIameTheJews: b
(09:13 / Allies) lBIameTheJews: just lo;ong thje grunt
(09:16 / Allies) lBIameTheJews: killling
(11:38 / Allies) BASTARD-SAVIOR: wood
(12:32 / All) lBIameTheJews: ildel peons yellow
(12:39 / All) angrygorilla: ha
(12:52 / All) AnalWithAllah: purp, this lag is for you buddy
(12:59 / All) BASTARD-SAVIOR: lawl
(13:01 / Allies) lBIameTheJews: can u buy shit with and owl?
(13:56 / Allies) lBIameTheJews: lawl
(15:11 / Allies) cronicblaze: stail mate lol
(15:18 / Allies) lBIameTheJews: cept we have money
(15:28 / Allies) cronicblaze: true
(16:24 / All) lBIameTheJews: lol
(16:26 / Allies) lBIameTheJews: purp bs
(16:29 / All) lBIameTheJews: purp bs
(16:36 / All) BASTARD-SAVIOR: no i didnt
(16:36 / All) AnalWithAllah: he mad?
(16:45 / Allies) lBIameTheJews: i saw you
(17:07 / Allies) lBIameTheJews: purp
(17:12 / Allies) lBIameTheJews: are you serisous?
(17:16 / Allies) BASTARD-SAVIOR: mistake man
(17:16 / Allies) lBIameTheJews: cause i can get another game
(17:17 / Allies) BASTARD-SAVIOR: sorry
(17:33 / Allies) lBIameTheJews: w/e douchebag
(17:36 / Allies) lBIameTheJews: idc
(17:42 / Allies) lBIameTheJews: im happy cause i did something new
(17:53 / Allies) BASTARD-SAVIOR: hunts?
(17:56 / Allies) BASTARD-SAVIOR: god job green
(17:58 / Allies) lBIameTheJews: no
(17:58 / Allies) BASTARD-SAVIOR: fight a 1v4
(18:11 / Allies) turtle_face: who needs wood
(18:14 / Allies) lBIameTheJews: i bought a zep and shredder with owl scout and killed expo
(18:16 / Allies) cronicblaze: me
(18:20 / Allies) turtle_face: kk
(19:18 / Allies) turtle_face: help
(21:10 / Allies) turtle_face: ty
(21:35 / Allies) lBIameTheJews: we would have won if purp didnt bs me
(21:37 / Allies) lBIameTheJews: but w/e
(22:00 / Allies) lBIameTheJews: anti magic pot would be nice
(22:00 / Allies) lBIameTheJews: but
(22:07 / Allies) lBIameTheJews: i got no treee of eternity
(22:58 / Allies) lBIameTheJews: no need to waste gold i got 2 owls
(24:59 / Allies) cronicblaze: fuck
(27:34 / Allies) cronicblaze: purp my base
(28:50 / Allies) cronicblaze: spare gold lol
(31:05 / Allies) cronicblaze: 300 gold
(31:19 / Allies) cronicblaze: thx
(31:28 / Allies) turtle_face: wtf
(31:33 / Allies) BASTARD-SAVIOR: i need that mine teal
(31:40 / Allies) turtle_face: wow wtf
(31:52 / Allies) turtle_face: stop
(33:28 / Allies) cronicblaze: teal give me gold please
(33:39 / Allies) turtle_face: k
(33:44 / Allies) cronicblaze: for fiends
(34:17 / Allies) cronicblaze: teal
(34:26 / Allies) cronicblaze: thx
(34:31 / Allies) turtle_face: np
(35:54 / All) BASTARD-SAVIOR: g
(36:01 / All) BASTARD-SAVIOR: lawl
(36:51 / Specific player) BASTARD-SAVIOR: red u here
(36:53 / Specific player) BASTARD-SAVIOR: ill stab
(36:54 / Specific player) BASTARD-SAVIOR: if u want
(37:14 / Specific player) BASTARD-SAVIOR: do u understand red
(37:54 / Specific player) BASTARD-SAVIOR: do u want me to stab
(38:28 / All) BASTARD-SAVIOR: lawl
(39:07 / 7) BASTARD-SAVIOR: pink u here
(39:10 / 7) BASTARD-SAVIOR: ill tk my team if u want
(39:38 / 7) BASTARD-SAVIOR: do u understand pink
(39:40 / 7) BASTARD-SAVIOR: ill give ut he win
(39:41 / 7) BASTARD-SAVIOR: if u want
(39:44 / 7) BASTARD-SAVIOR: i will kill my team
(40:04 / Allies) cronicblaze: wtf
(40:20 / Allies) lBIameTheJews: he is a loner who takes out his loser frustrations by bsing in the only game he can afford
(40:23 / Allies) lBIameTheJews: its ok
(40:26 / All) BASTARD-SAVIOR: lawl
(40:27 / Allies) lBIameTheJews: anyway im bored
(40:32 / Allies) lBIameTheJews: and i learned something new
(40:56 / All) lBIameTheJews: purps bsing
(40:59 / Allies) lBIameTheJews: jsut leave plaease
(41:05 / All) lBIameTheJews: jsut leave please
(41:08 / All) lBIameTheJews: hes towerd to fuck
(41:18 / All) lBIameTheJews: you cant beat him with 1 bm
(42:24 / All) lBIameTheJews: i really dont care
(42:26 / All) lBIameTheJews: about win
(42:29 / All) lBIameTheJews: so you stay
(42:31 / All) lBIameTheJews: ?
(42:48 / All) lBIameTheJews: k
(42:50 / All) lBIameTheJews: bye then
(42:53 / All) BASTARD-SAVIOR: bye
(42:53 / All) lBIameTheJews: ur bigger loser than him
(42:54 / All) BASTARD-SAVIOR: lawl
(42:58 / All) lBIameTheJews: cause at least he win something
(43:02 / All) lBIameTheJews: w/e
(43:05 / All) lBIameTheJews: tell me purp
(43:11 / All) lBIameTheJews: what do you have goign in yoru life
(43:14 / All) lBIameTheJews: name one thing
(43:15 / All) lBIameTheJews: ill wait
(43:16 / All) BASTARD-SAVIOR: lots
(43:17 / All) lBIameTheJews: ...
(43:18 / All) lBIameTheJews: ...
(43:21 / All) lBIameTheJews: big lots?
(43:24 / All) BASTARD-SAVIOR: i am 25 and peek in the closets for presets at christmas
(43:24 / All) lBIameTheJews: where u shop?
(43:30 / All) BASTARD-SAVIOR: target
(43:40 / All) lBIameTheJews: k
(43:42 / All) lBIameTheJews: well
(43:48 / All) lBIameTheJews: reflect on how pathetic youa re plz
(43:50 / Allies) cronicblaze: pink leave
(43:53 / All) lBIameTheJews: with a pistol
(43:59 / All) BASTARD-SAVIOR: lawl
(44:19 / All) BASTARD-SAVIOR: pink are u here
(44:32 / Allies) cronicblaze: i dont htink he is
(45:00 / All) BASTARD-SAVIOR: green
(45:02 / All) BASTARD-SAVIOR: how badly do u want the win
(45:04 / Allies) cronicblaze: ya
(45:12 / Allies) cronicblaze: i lik to
(45:19 / Allies) cronicblaze: win
(45:23 / All) BASTARD-SAVIOR: i see
(45:27 / Allies) cronicblaze: ile stay
(45:36 / All) BASTARD-SAVIOR: i needed to deny blue the iwn
(45:53 / Allies) cronicblaze: hes gone lets do this
(46:08 / All) BASTARD-SAVIOR: ill let u attack
(46:12 / All) BASTARD-SAVIOR: oranges base
(46:14 / All) BASTARD-SAVIOR: go now sir
(47:18 / All) BASTARD-SAVIOR: pink areu here
(47:58 / All) BASTARD-SAVIOR: green wait
(48:03 / Allies) cronicblaze: dam purp i got no units
(48:04 / All) BASTARD-SAVIOR: if you want the win you need to prove it
(48:10 / Allies) cronicblaze: lol
(48:12 / All) BASTARD-SAVIOR: i want you to run 10 laps around the map
(48:22 / All) BASTARD-SAVIOR: just ur dk
(48:26 / All) BASTARD-SAVIOR: leave fiends whereever
(48:36 / All) BASTARD-SAVIOR: lap line is here
(48:56 / All) BASTARD-SAVIOR: atta boy
(49:02 / All) BASTARD-SAVIOR: count the lap total everytime u
(49:08 / All) BASTARD-SAVIOR: pass it
(49:56 / Allies) cronicblaze: 1
(50:01 / Allies) cronicblaze: lol
(50:05 / All) BASTARD-SAVIOR: atta boy green
(50:07 / All) BASTARD-SAVIOR: keep it up
(50:18 / All) BASTARD-SAVIOR: it is important to be in good health
(50:36 / Allies) cronicblaze: i work out three times a week
(50:53 / All) BASTARD-SAVIOR: can you do damage to yoruself if u do lots of sit ups?
(50:58 / All) BASTARD-SAVIOR: i plan to do like 1k per day
(51:04 / Allies) cronicblaze: no
(51:13 / All) BASTARD-SAVIOR: i feel
(51:13 / Allies) cronicblaze: 2
(51:14 / All) BASTARD-SAVIOR: my abs
(51:19 / All) BASTARD-SAVIOR: hurting though
(51:22 / All) BASTARD-SAVIOR: it feels strange
(51:23 / All) BASTARD-SAVIOR: i mean
(51:41 / Allies) cronicblaze: you can do asb every day
(51:45 / All) BASTARD-SAVIOR: my stomach gets sucked in
(52:03 / All) BASTARD-SAVIOR: believe it or not
(52:06 / All) BASTARD-SAVIOR: i got inspiration
(52:08 / All) BASTARD-SAVIOR: from dragonball z
(52:16 / Allies) cronicblaze: nice
(52:18 / All) BASTARD-SAVIOR: im gonna do like 5 thousand sit ups and push ups a day
(52:26 / All) BASTARD-SAVIOR: low carb diet, so im burning fat
(52:28 / All) BASTARD-SAVIOR: not carbs
(52:55 / All) BASTARD-SAVIOR: lap 3?
(53:00 / Allies) cronicblaze: 4
(53:01 / All) BASTARD-SAVIOR: i did this to somebody on world of clowncraft once
(53:03 / All) BASTARD-SAVIOR: i just got lucky
(53:07 / All) BASTARD-SAVIOR: and got an item
(53:09 / All) BASTARD-SAVIOR: he wanted
(53:16 / All) BASTARD-SAVIOR: he was the raid leader and i didnt even do anything
(53:21 / All) BASTARD-SAVIOR: i told him to run 500 laps aorund a small rock
(53:38 / Allies) cronicblaze: im smoking so idc
(53:43 / All) BASTARD-SAVIOR: smoking?
(53:56 / All) BASTARD-SAVIOR: did u vote on that law that made cigarrets go up?
(53:56 / Allies) cronicblaze: weed
(54:07 / Allies) cronicblaze: na
(54:52 / All) BASTARD-SAVIOR: why would u do that green
(54:55 / All) BASTARD-SAVIOR: u need to run ur laps
(55:09 / Allies) cronicblaze: bored
(55:23 / Allies) cronicblaze: peace
(55:26 / All) BASTARD-SAVIOR: later
(55:51 / All) BASTARD-SAVIOR: just use and me now pink
(56:57 / All) BASTARD-SAVIOR: pink
(56:59 / All) BASTARD-SAVIOR: talk in all chat
(57:57 / All) BASTARD-SAVIOR: pink i dont want this win u have to talk to me though
(69:20 / All) BASTARD-SAVIOR: pink
(69:22 / All) BASTARD-SAVIOR: playing stupid
(69:27 / All) BASTARD-SAVIOR: wont get u the win
(69:33 / All) BASTARD-SAVIOR: u need to show me ur here